 Dungeon Crawl Stone Soup version 0.27.1-3-gb3d3a73c9e (webtiles) character file.

Game seed: 10843862550349474516

82100 Borgoz the Basher (level 15, -6/99 HPs)
             Began as a Gargoyle Berserker on Oct 24, 2021.
             Was the Champion of Trog.
             Shot with an arrow by a centaur warrior (21 damage)
             ... on level 15 of the Dungeon on Oct 30, 2021.
             The game lasted 00:34:03 (19405 turns).

Borgoz the Basher (Gargoyle Berserker)             Turns: 19405, Time: 00:34:03

Health: -6/99      AC: 24    Str: 29    XL:     15   Next: 72%
Magic:  15/15      EV: 17    Int: 13    God:    Trog [******]
Gold:   608        SH: 13    Dex: 21    Spells: 14/14 levels left

rFire    + . .     SeeInvis .   a - +9 eveningstar (vamp)
rCold    + . .     Faith    .   L - +0 kite shield
rNeg     + . .     Spirit   .   j - +0 scale mail of the Lute {rElec rF+ Dex+3}
rPois    ∞         Reflect  .   g - +1 hat
rElec    +         Harm     +   I - scarf {harm}
rCorr    .         Rampage  .   r - +1 pair of gloves
Will     +++..                  (no boots)
Stlth    +.........             A - amulet of regeneration
HPRegen  2.26/turn              y - ring of Doubt {rElec Str+6 Int+4 Dex+6}
MPRegen  0.14/turn              c - ring of protection from cold

@: marked, strong-willed, flying, regenerating
A: sickness immunity, AC +11, big wings, negative energy resistance 1,
electricity resistance, torment resistance 1, petrification resistance
a: Renounce Religion, Berserk, Trog's Hand, Brothers in Arms


You were on level 15 of the Dungeon.
You worshipped Trog.
Trog was exalted by your worship.
You visited 2 branches of the dungeon, and saw 21 of its levels.

You collected 1004 gold pieces.
You spent 396 gold pieces at shops.

Inventory:

Hand Weapons
 a - a +9 vampiric eveningstar (weapon)
Missiles
 B - 3 throwing nets (quivered)
Armour
 g - a +1 hat (worn)
 j - the +0 scale mail of the Lute (worn) {rElec rF+ Dex+3}
   (You found it on level 1 of the Lair of Beasts)

   Dex:       It affects your dexterity (+3).
   rF:        It protects you from fire.
   rElec:     It insulates you from electricity.
 r - a +1 pair of gloves (worn)
 I - a scarf of harm (worn)
 L - a +0 kite shield (worn)
Jewellery
 c - a ring of protection from cold (right hand)
 i - a ring of ice
 t - a ring of fire
 y - the ring of Doubt (left hand) {rElec Str+6 Int+4 Dex+6}
   (You found it on level 7 of the Dungeon)

   [ring of dexterity]

   Str:       It affects your strength (+6).
   Int:       It affects your intelligence (+4).
   Dex:       It affects your dexterity (+6).
   rElec:     It insulates you from electricity.
 A - an amulet of regeneration (around neck)
Wands
 k - a wand of flame (39)
 q - a wand of iceblast (9)
 s - a wand of paralysis (15)
 v - a wand of digging (21)
 C - a wand of acid (23)
 P - a wand of mindburst (15)
Scrolls
 b - a scroll of silence
 d - a scroll of fear
 e - 3 scrolls of enchant weapon
 m - a scroll of blinking
 n - 2 scrolls of holy word
 u - 15 scrolls of teleportation
 z - 5 scrolls of magic mapping
 D - a scroll of brand weapon
 E - 5 scrolls of identify
 K - 3 scrolls of fog
Potions
 f - 12 potions of ambrosia
 h - 2 potions of haste
 l - 7 potions of attraction
 o - 7 potions of curing
 p - a potion of berserk rage
 w - a potion of mutation
 x - 2 potions of resistance
 F - a potion of invisibility
 H - 3 potions of might
 N - 6 potions of heal wounds
 O - a potion of cancellation


   Skills:
 * Level 13.5 Fighting
 * Level 13.9 Maces & Flails
 - Level 3.0 Throwing
 * Level 13.4 Armour
 * Level 10.7 Dodging
 - Level 3.0 Stealth
 + Level 9.9 Shields
 + Level 3.4 Evocations


You had 14 spell levels left.
You didn't know any spells.
Your spell library was empty.

Dungeon Overview and Level Annotations

Branches:
Dungeon (15/15)            Temple (0/1) D:4            Lair (6/6) D:8
 Shoals (0/4) Lair:4       Spider (0/4) Lair:2        Slime (0/5) Lair:6
    Orc (0/2) D:12         Vaults (0/5) D:13
 Depths: D:15

Altars:
Ashenzari
Cheibriados
Fedhas
Hepliaklqana
Kikubaaqudgha
Nemelex Xobeh
Ru
Vehumet
Xom
Zin
Jiyva

Shops:
D:5 :   D:6 [   D:8 *   D:9 ?[


Innate Abilities, Weirdness & Mutations

You are immune to sickness and miasma.
Your stone body is resilient. (AC +11)
You are immune to poison.
Your large and strong wings let you fly.
You resist negative energy. (rN+)
You are resistant to electric shocks. (rElec)
You are resistant to unholy torment.
You are immune to petrification.


Message History

The centaur warrior is heavily wounded.
The centaur warrior misses you.
The centaur warrior kicks you but does no damage.
The yaktaur shoots a bolt.
The bolt hits you!
A two-headed ogre comes into view. It is wielding two +0 giant clubs.
A yaktaur comes into view.
You are too injured to fight recklessly!
You are too injured to fight recklessly!
You are too injured to fight recklessly!
You are too injured to fight recklessly!
You are too injured to fight recklessly!
You are too injured to fight recklessly!
You are too injured to fight recklessly!
You impale the centaur warrior!!
You feel better.
The centaur warrior is almost dead.
You block the centaur warrior's attack.
The centaur warrior kicks you but does no damage.
The yaktaur shoots a bolt.
The bolt hits you but does no damage.
The centaur warrior hits you but does no damage.
You block the centaur warrior's attack.
The yaktaur wields a +0 arbalest.
The yaktaur shoots a bolt.
The bolt hits you!!
* * * LOW HITPOINT WARNING * * *
You closely miss the centaur warrior.
The centaur warrior is almost dead.
The centaur warrior barely misses you.
The centaur warrior kicks you but does no damage.
The yaktaur shoots a bolt.
You block the bolt.
Okay, then.
Your skin crawls.
You feel strong-willed. The centaur warrior barely misses you.
You block the centaur warrior's attack.
A two-headed ogre comes into view. It is wielding two +0 giant clubs.
Okay, then.
The centaur warrior closely misses you.
The centaur warrior kicks you but does no damage.
The centaur warrior wields a +0 shortbow.
The centaur warrior shoots an arrow.
The arrow hits you!!
* * * LOW HITPOINT WARNING * * *
The centaur warrior shoots an arrow.
The arrow hits you!!
You die...

#.##........# #.#...#####.#
##....#....#.. #
############..#.#.#.#.#.#
..c........)....#.#.....#.#
.....#......#...#.#.#.#.#.#
#.c......#°......#....#...
....O..#O.##....#.#####...#
.##....c..@.....#........##
..O..#.##.##.#..###.###.##.
..##.## ######.... ..... .
# # ##..# .##. .. ## # ##
##


You could see a centaur warrior, 2 two-headed ogres and a yaktaur.

Vanquished Creatures
  Rupert (D:12)
  Jorgrun (D:14)
  Gastronok (Lair:1)
  Frances (D:14)
  Agnes (D:14)
  Roxanne (D:14)
  Nessos (D:13)
  Azrael (D:14)
  Snorg (D:14)
  Josephine (D:11)
  6 boulder beetles
  4 vault guards (D:13)
  Fannar (Lair:2)
  5 hydras
  3 death yaks (Lair:6)
  Erica (D:11)
  2 centaur warriors
  A tengu warrior (D:15)
  8 two-headed ogres
  Urug (Lair:1)
  A skeletal warrior (D:9)
  3 lindwurms
  2 deep elf pyromancers
  4 manticores
  4 ugly things
  3 cyclopes
  3 black mambas
  17 cane toads
  3 gargoyles
  Maggie (Lair:2)
  An efreet (D:13)
  6 komodo dragons
  5 kobold demonologists
  4 rime drakes
  3 unseen horrors
  A tengu conjurer (D:15)
  A merfolk (Lair:4)
  A queen bee (Lair:6)
  3 trolls
  3 meliai (Lair:6)
  3 jumping spiders (Lair:2)
  A hornet (D:8)
  3 tyrant leeches (Lair:6)
  5 polar bears
  The ghost of othur the Stinger, an amateur DrVM (D:5)
  Grinder (D:3)
  21 blink frogs
  2 redbacks (Lair:2)
  A shadow (D:10)
  5 wraiths (D:11)
  A vampire (D:12)
  36 yaks
  2 wyverns
  5 fire elementals
  4 basilisks
  A golden eye (shapeshifter) (D:13)
  A steam dragon (D:9)
  11 vampire mosquitoes
  A hell hound (D:14)
  17 water moccasins
  An orc warrior (D:8)
  7 black bears
  2 necrophages
  4 ice beasts
  3 ogres
  10 centaurs
  10 wolves
  A phantom (D:7)
  4 kobold brigands
  20 bullfrogs
  5 scorpions
  3 gnoll sergeants
  A water moccasin zombie (D:5)
  A wyvern zombie (D:9)
  30 killer bees
  A wight (D:9)
  10 howler monkeys
  6 electric eels
  5 centaur zombies
  A bullfrog zombie (D:6)
  A centaur skeleton (D:6)
  2 hounds
  An iron imp (D:6)
  2 orc priests
  Crazy Yiuf (D:4)
  A bullfrog skeleton (D:5)
  2 jellies (D:6)
  7 orc wizards
  Ijyb (D:5)
  A killer bee zombie (D:5)
  2 centaur simulacra
  A howler monkey zombie (D:10)
  Robin (D:3)
  A howler monkey skeleton (D:6)
  14 adders
  14 gnolls
  2 shadow imps
  3 white imps
  A worm (D:2)
  25 orcs
  5 ball pythons
  5 endoplasms
  5 giant cockroaches
  23 goblins
  13 hobgoblins
  10 jackals
  2 quokkas
  6 bats
  3 frilled lizards
  A jackal skeleton (D:4)
  26 kobolds
  12 rats
552 creatures vanquished.

Vanquished Creatures (others)
  A gnoll (D:9)
  39 fungi
  128 plants
168 creatures vanquished.

Grand Total: 720 creatures vanquished

Notes
Turn   | Place    | Note
-------+----------+-------------------------------------------
     0 | D:1      | Borgoz the Gargoyle Berserker began the quest for the Orb.
     0 | D:1      | Reached XP level 1. HP: 14/14 MP: 1/1
   154 | D:1      | Reached XP level 2. HP: 19/19 MP: 2/2
   347 | D:1      | You fall into a shaft and drop 1 floor!
   585 | D:1      | Reached XP level 3. HP: 20/23 MP: 3/3
   806 | D:1      | Reached ** piety under Trog
  1391 | D:2      | Reached XP level 4. HP: 26/29 MP: 4/4
  1869 | D:3      | Noticed Robin
  2064 | D:3      | Killed Robin
  2067 | D:3      | Reached XP level 5. HP: 21/33 MP: 5/5
  2204 | D:3      | Reached *** piety under Trog
  2826 | D:3      | Noticed Grinder
  2855 | D:3      | Killed Grinder
  2856 | D:3      | Reached XP level 6. HP: 19/40 MP: 6/6
  3533 | D:4      | Noticed a black bear
  3540 | D:4      | Killed a black bear
  3541 | D:4      | Reached skill level 5 in Fighting
  3541 | D:4      | Reached skill level 1 in Shields
  3541 | D:4      | Reached XP level 7. HP: 44/44 MP: 7/7
  3880 | D:4      | Found a staircase to the Ecumenical Temple.
  3928 | D:4      | Reached skill level 5 in Maces & Flails
  3939 | D:4      | Reached skill level 5 in Armour
  3939 | D:4      | Reached XP level 8. HP: 47/50 MP: 8/8
  4121 | D:4      | Found a runed translucent door.
  4122 | D:4      | Noticed Crazy Yiuf
  4128 | D:4      | Killed Crazy Yiuf
  4128 | D:4      | Reached **** piety under Trog
  4203 | D:5      | Entered Level 5 of the Dungeon
  4480 | D:5      | Noticed a yak
  4483 | D:5      | Noticed a yak
  4485 | D:5      | Noticed a yak
  4488 | D:5      | Killed a yak
  4489 | D:5      | Noticed a yak
  4496 | D:5      | Killed a yak
  4499 | D:5      | Killed a yak
  4502 | D:5      | Noticed a yak
  4505 | D:5      | Killed a yak
  4506 | D:5      | Reached XP level 9. HP: 34/56 MP: 9/9
  4879 | D:5      | Found a runed translucent door.
  4881 | D:5      | Noticed othur's ghost (amateur DrVM)
  4960 | D:5      | Found Jexeco Atoss's Book Boutique.
  5063 | D:5      | Noticed Ijyb
  5074 | D:5      | Killed Ijyb
  5140 | D:5      | Killed othur's ghost
  5141 | D:5      | Reached skill level 5 in Dodging
  5149 | D:5      | Identified the +4 battleaxe "Gargoyle's Bane" {drain,
                  | Will+}
  5342 | D:6      | Found Naumip's Armour Boutique.
  5589 | D:6      | Found a snail-covered altar of Cheibriados.
  5657 | D:6      | Found a blossoming altar of Fedhas.
  5824 | D:7      | Identified the ring of Doubt {rElec Str+6 Int+4 Dex+6}
  5864 | D:7      | Reached XP level 10. HP: 64/64 MP: 10/10
  6051 | D:7      | Killed an unseen horror
  6051 | D:7      | Reached ***** piety under Trog
  6871 | D:8      | Found Irymery's Assorted Antiques.
  6878 | D:8      | Bought a scroll labelled ETEAMN DEX JOAF for 20 gold pieces
  6878 | D:8      | Bought a bubbling dark potion for 18 gold pieces
  6878 | D:8      | Bought a scroll labelled GAYNGAN CINT for 20 gold pieces
  6878 | D:8      | Bought a bubbling brown potion for 18 gold pieces
  6878 | D:8      | Bought a scroll labelled AMIOTS FIXERAI for 20 gold pieces
  6878 | D:8      | Bought an embroidered scarf for 160 gold pieces
  7299 | D:8      | Found a staircase to the Lair.
  7646 | D:9      | Noticed a manticore
  7658 | D:9      | Noticed a two-headed ogre
  7662 | D:9      | Killed a manticore
  7665 | D:9      | Noticed a boulder beetle
  7669 | D:9      | Killed a two-headed ogre
  7670 | D:9      | Reached XP level 11. HP: 71/71 MP: 11/11
  7673 | D:9      | Noticed a skeletal warrior
  7681 | D:9      | HP: 3/71 [boulder beetle (6)]
  7689 | D:9      | HP: 1/71 [skeletal warrior (9)]
  7847 | D:9      | Found Usomoicuwug's Magic Scroll Boutique.
  7851 | D:9      | Bought a scroll of teleportation for 33 gold pieces
  7851 | D:9      | Bought a scroll of identify for 22 gold pieces
  7851 | D:9      | Bought a scroll of identify for 22 gold pieces
  7865 | D:9      | Found Isiejuk's Armour Shoppe.
  8062 | D:9      | Found a glowing silver altar of Zin.
  8062 | D:9      | Noticed an angel
  8066 | D:9      | Found a shimmering altar of Xom.
  8262 | D:9      | Found a sparkling altar of Nemelex Xobeh.
  8271 | D:9      | Found an ancient bone altar of Kikubaaqudgha.
  8348 | D:9      | Found a hazy altar of Hepliaklqana.
  8352 | D:9      | Found a radiant altar of Vehumet.
  8357 | D:9      | Found a broken altar of Ashenzari.
  8469 | D:9      | Killed a skeletal warrior
  8572 | D:9      | Killed a boulder beetle
  8642 | D:10     | Entered Level 10 of the Dungeon
  8740 | D:10     | Reached skill level 10 in Fighting
  8740 | D:10     | Noticed a soul eater
  8744 | D:10     | Noticed a soul eater
  8760 | D:10     | Received a gift from Trog
  8816 | D:9      | Bought a +0 kite shield for 63 gold pieces
  8977 | D:10     | Identified the +0 rapier of Drought {venom, Str+5}
  9173 | D:11     | Noticed a boulder beetle
  9185 | D:11     | Killed a boulder beetle
  9196 | D:11     | Noticed a two-headed ogre
  9204 | D:11     | Killed a two-headed ogre
  9206 | D:11     | Noticed a two-headed ogre
  9212 | D:11     | Killed a two-headed ogre
  9213 | D:11     | Reached skill level 10 in Armour
  9267 | D:11     | Noticed Erica
  9273 | D:11     | Killed Erica
  9274 | D:11     | Reached skill level 5 in Shields
  9384 | D:11     | Found a glowing silver altar of Zin.
  9420 | D:11     | Reached XP level 12. HP: 60/78 MP: 12/12
  9517 | D:11     | Noticed Josephine
  9526 | D:11     | Killed Josephine
  9527 | D:11     | Reached skill level 10 in Maces & Flails
  9611 | D:11     | Noticed a two-headed ogre
  9617 | D:11     | Killed a two-headed ogre
  9694 | D:11     | Noticed a two-headed ogre
  9706 | D:11     | Killed a two-headed ogre
 10289 | D:12     | Noticed a two-headed ogre
 10296 | D:12     | Killed a two-headed ogre
 10493 | D:12     | Found a staircase to the Orcish Mines.
 10537 | D:12     | Noticed Rupert
 10551 | D:12     | Killed Rupert
 11209 | Lair:1   | Entered Level 1 of the Lair of Beasts
 11220 | Lair:1   | Reached XP level 13. HP: 84/84 MP: 13/13
 11260 | Lair:1   | Found a sacrificial altar of Ru.
 11394 | Lair:1   | Noticed Gastronok
 11409 | Lair:1   | Killed Gastronok
 11557 | Lair:1   | Reached ****** piety under Trog
 11764 | Lair:1   | Noticed Urug
 11770 | Lair:1   | Killed Urug
 11789 | Lair:1   | Identified the +0 scale mail of the Lute {rElec rF+ Dex+3}
 12280 | Lair:2   | Found a hole to the Spider Nest.
 12357 | Lair:2   | Noticed Fannar
 12364 | Lair:2   | Killed Fannar
 12488 | Lair:2   | Noticed Maggie
 12500 | Lair:2   | Killed Maggie
 13166 | Lair:2   | Received a gift from Trog
 14246 | Lair:4   | Gained mutation: Your large and strong wings let you fly.
                  | [Gargoyle growth]
 14246 | Lair:4   | Reached XP level 14. HP: 92/92 MP: 14/14
 14657 | Lair:4   | Received a gift from Trog
 14794 | Lair:4   | Found a staircase to the Shoals.
 15238 | Lair:5   | Reached skill level 1 in Stealth
 15302 | Lair:5   | Identified the +1 robe of the Untouchables {rPois}
 15823 | Lair:6   | Entered Level 6 of the Lair of Beasts
 15902 | Lair:6   | Found a viscous altar of Jiyva.
 15902 | Lair:6   | Found a staircase to the Slime Pits.
 15950 | Lair:6   | Reached skill level 1 in Throwing
 15982 | Lair:6   | Reached skill level 1 in Evocations
 16167 | Lair:6   | Reached skill level 10 in Dodging
 16176 | Lair:6   | Received a gift from Trog
 17543 | D:13     | Found a gate to the Vaults.
 17552 | D:13     | Reached XP level 15. HP: 95/97 MP: 15/15
 17633 | D:13     | Noticed Nessos
 17650 | D:13     | Killed Nessos
 18048 | D:14     | Noticed Azrael
 18058 | D:14     | Killed Azrael
 18167 | D:14     | Noticed Frances
 18178 | D:14     | Killed Frances
 18437 | D:14     | Noticed Snorg
 18438 | D:14     | Identified Roxanne's Almanac of Transmigration
 18438 | D:14     | Noticed Roxanne
 18446 | D:14     | Killed Snorg
 18713 | D:14     | Noticed Agnes
 18730 | D:14     | Killed Agnes
 18850 | D:14     | Noticed Jorgrun
 18867 | D:14     | Killed Jorgrun
 19168 | D:14     | Killed Roxanne
 19309 | D:15     | Entered Level 15 of the Dungeon
 19405 | D:15     | Shot with an arrow by a centaur warrior

Illustrated notes

Levels and vault maps discovered:
D:1:      lightli_arrival_statue_moat, layout_basic
D:2:      layout_loops_ring
D:3:      layout_loops_corners, uniq_grinder, uniq_robin
D:4:      layout_rooms, minmay_temple_entry_wispy, minmay_bent,
          uniq_crazy_yiuf_cottage
D:5:      layout_rooms, serial_shops, shop_coins, ebering_ghost_inner_flame,
          uniq_ijyb
D:6:      layout_rooms, marbit_many_paths, slow_altar_1,
          kennysheep_windowed_goal
D:7:      layout_loops_ring, minmay_misc_feat_hallway, serial_bayou_pond_c,
          kennysheep_another_room
D:8:      layout_basic, grunt_lair_entry_orc_guard_hut, serial_shops,
          nicolae_shop_trees
D:9:      minmay_slanted_spiral_squares, layout_loops_ring,
          grunt_temple_overflow_order_and_chaos_1,
          grunt_temple_overflow_diamond, mainiacjoe_overflow_swirl,
          serial_shops, kennysheep_mini, shop, amcnicky_mini_corridor_feature
D:10:     layout_basic
D:11:     layout_loops_ring, zin_academy, uniq_erica, uniq_josephine
D:12:     layout_cave_pods, orc_0_dummy, uniq_rupert
D:13:     layout_loops_corners, lightli_vaults_fourway_checkpoint, uniq_nessos
D:14:     layout_basic, infiniplex_staircase_diamond, uniq_azrael, uniq_snorg,
          uniq_roxanne, uniq_jorgrun, uniq_frances, uniq_agnes
D:15:     hangedman_slaughterboxes, serial_shops
Lair:1:   layout_loops_ring, basic_altar, chequers_serial_rivers_micro_e,
          infiniplex_staircase_pool, grunt_megastairs_1, uniq_urug,
          uniq_gastronok
Lair:2:   layout_cave_pods, nicolae_spider_entry_tight_spaces,
          nicolae_quartered_pool_little, uniq_fannar, uniq_maggie
Lair:3:   cheibrodos_lair_overgrown_chateau, layout_gridlike,
          chequers_serial_rivers_large_a
Lair:4:   layout_gridlike, elwin_shoals_entry_rooms
Lair:5:   layout_gridlike
Lair:6:   minmay_lair_end_frog_pond, layout_loops_ring, slime_altar_1,
          special_room [special_room_bee]

Skill      XL: |  1  2  3  4  5  6  7  8  9 10 11 12 13 14 15 |
---------------+----------------------------------------------+-----
Dodging        | 2 3 4 5 6 7 8 9 10 | 10.7
Armour         | 3 4 5 6 7 9 10 11 12 13 | 13.4
Fighting       | 4 5 6 8 9 10 11 12 13 | 13.5
Maces & Flails | 4 5 6 7 8 9 11 12 13 | 13.9
Shields        | 1 2 4 5 6 8 9 |  9.9
Stealth        | 3 |  3.0
Throwing       | 2 3 |  3.0
Evocations     | 2 3 |  3.4

Action                   |  1- 3 |  4- 6 |  7- 9 | 10-12 | 13-15 || total
-------------------------+-------+-------+-------+-------+-------++-------
Melee: Mace              |   130 |   157 |       |       |       ||   287
       Flail             |       |    24 |   360 |   253 |       ||   637
       Eveningstar       |       |       |       |   210 |   800 ||  1010
       Dire flail        |       |       |       |    70 |       ||    70
Throw: Throwing net      |       |       |       |     1 |       ||     1
Invok: Berserk           |     2 |     2 |     8 |     5 |    13 ||    30
       Trog's Hand       |       |     1 |       |     2 |     2 ||     5
Evoke: Wand              |       |       |       |       |     2 ||     2
  Use: Scroll            |       |       |     5 |    23 |     5 ||    33
 Stab: Held in net/web   |       |       |       |     1 |       ||     1
Armor: Ring mail         |    74 |    30 |       |       |       ||   104
       Chain mail        |       |   108 |   282 |   357 |    27 ||   774
       Scale mail        |       |       |       |       |   362 ||   362
Dodge: Dodged            |    93 |   105 |   172 |   259 |   593 ||  1222
Block: Buckler           |       |     8 |    79 |    62 |       ||   149
       Kite shield       |       |       |       |   165 |   664 ||   829
